 Dungeon Crawl Stone Soup version 0.24.0-10-g970556be89 (webtiles) character file.

Game seed: 18190604176767905985, levelgen mode: deterministic

31348 Johnny the Carver (level 13, -2/135 HPs)
             Began as a Troll Berserker on Nov 4, 2019.
             Was a High Priest of Trog.
             Slain by an orc warrior
             ... wielding a +0 glaive
             ... led by an orc knight
              (22 damage)
             ... on level 15 of the Dungeon.
             The game lasted 00:23:57 (12804 turns).

Johnny the Carver (Troll Berserker)                Turns: 12804, Time: 00:23:57

Health: -2/135     AC: 19    Str: 32    XL:     13   Next: 25%
Magic:  12/12      EV: 14    Int:  5    God:    Trog [*****.]
Gold:   848        SH:  0    Dex:  9    Spells: 12/12 levels left

rFire    . . .     SeeInvis .   v - +0 great sword (drain)
rCold    . . .     Gourm    +   (shield currently unavailable)
rNeg     . . .     Faith    .   p - +0 troll leather armour
rPois    .         Spirit   .   (helmet restricted)
rElec    .         Reflect  .   H - +0 cloak
rCorr    .         Harm     .   (gloves unavailable)
MR       +....                  (boots unavailable)
Stlth    +.........             G - amulet of regeneration
HPRegen  1.52/turn              E - ring of the Prince of Darkness {MR+ AC+4 Int+2}
MPRegen  0.13/turn              i - +6 ring of protection

@: berserk cooldown, slowed, very slow
A: large, unfitting armour, claws 3, fast metabolism 3, gourmand, regeneration
1, shaggy fur 1, tough skin 3
a: Berserk, Trog's Hand, Brothers in Arms, Renounce Religion


You were on level 15 of the Dungeon.
You worshipped Trog.
Trog was extremely pleased with you.
You were very full.

You visited 1 branch of the dungeon, and saw 15 of its levels.
You also visited: Sewer.

You collected 848 gold pieces.

Inventory:

Hand Weapons
 v - a +0 great sword of draining (weapon)
 A - a +1 falchion of holy wrath
 C - a +0 short sword of venom
 I - a +5 falchion of slicing
Missiles
 F - 23 large rocks (quivered)
Armour
 n - a +2 robe of fire resistance
 p - a +0 troll leather armour (worn)
 H - a +0 cloak (worn)
Jewellery
 e - a +5 ring of intelligence
 i - a +6 ring of protection (right claw)
 s - an uncursed ring of protection from cold
 B - an uncursed ring of fire {unknown}
 E - the ring of the Prince of Darkness (left claw) {MR+ AC+4 Int+2}
   (You found it on level 9 of the Dungeon)

   [ring of protection]

   It affects your AC (+4).
   It affects your intelligence (+2).
   It affects your resistance to hostile enchantments.
 G - an amulet of regeneration (around neck)
 K - an uncursed ring of stealth
Wands
 b - a wand of flame (27)
Scrolls
 a - a scroll of brand weapon
 h - a scroll of magic mapping
 k - 3 scrolls of remove curse
 l - a scroll of immolation
 m - a scroll of identify
 q - 12 scrolls of teleportation
 t - 3 scrolls of fog
 u - a scroll of blinking
 y - 3 scrolls of fear
 D - 2 scrolls of enchant armour
 L - a scroll of enchant weapon
Potions
 d - 4 potions of curing
 f - 2 potions of magic
 g - a potion of heal wounds
 j - 6 potions of flight
 o - a potion of haste {unknown}
 r - a potion of resistance
 w - 3 potions of brilliance
 z - 2 potions of ambrosia
 J - 2 potions of lignification
Comestibles
 c - 20 rations
 x - a chunk of flesh


   Skills:
 + Level 10.7 Fighting
 * Level 12.5 Long Blades
 + Level 10.7 Dodging


You had 12 spell levels left.
You didn't know any spells.
Your spell library contained the following spells:

 Spells                   Type           Power        Failure   Level  Hunger
 Animate Skeleton         Necr           N/A          52%         1    ##.....
 Apportation              Tloc           #.....       52%         1    ##.....
 Pain                     Necr           #...         52%         1    ##.....
 Sting                    Conj/Pois      #...         52%         1    ##.....
 Summon Butterflies       Summ           #.......     52%         1    ##.....
 Summon Small Mammal      Summ           #...         52%         1    ##.....
 Call Imp                 Summ           #.......     65%         2    ###....
 Passwall                 Tmut/Erth      #.......     65%         2    ###....
 Poisonous Vapours        Pois/Air       #.....       65%         2    ###....
 Call Canine Familiar     Summ           #.......     87%         3    ####...
 Gell's Gravitas          Tloc           #.........   87%         3    ####...
 Mephitic Cloud           Conj/Pois/Air  #.......     87%         3    ####...
 Regeneration             Chrm/Necr      #.........   87%         3    ####...
 Summon Guardian Golem    Hex/Summ       #.......     87%         3    ####...
 Teleport Other           Tloc           #.......     87%         3    ####...
 Vampiric Draining        Necr           #.........   87%         3    ####...
 Animate Dead             Necr           N/A          99%         4    #####..
 Olgreb's Toxic Radiance  Pois           #.......     99%         4    #####..
 Petrify                  Tmut/Erth      #.......     99%         4    #####..
 Summon Ice Beast         Ice/Summ       #.......     99%         4    #####..
 Summon Lightning Spire   Summ/Air       #.......     99%         4    #####..
 Summon Mana Viper        Hex/Summ       #.......     100%        5    ######.
 Venom Bolt               Conj/Pois      #.........   100%        5    ######.
 Iron Shot                Conj/Erth      #.........   100%        6    #######
 Summon Hydra             Summ           #.........   100%        7    #######


Dungeon Overview and Level Annotations

Branches:
Dungeon (15/15)            Temple (0/1) D:5            Lair (0/6) D:11
    Orc (0/2) D:10         Vaults (0/5) D:13          Sewer (visited)
 Depths: D:15

Altars:
Dithmenos
Elyvilon
Nemelex Xobeh
Okawaru
Trog
Xom
Zin

Annotations:
D:13 Kirke


Innate Abilities, Weirdness & Mutations

You are too large for most types of armour.
You have claws for hands.
Your metabolism is lightning-fast.
You like to eat raw meat.
Your natural rate of healing is unusually fast.
You are covered in fur. (AC +1)
You have extremely tough skin. (AC +3)


Message History

Unknown command.
Your ogre hits the orc knight with a +0 giant club!
Your ogre hits the orc knight with a +0 giant club!!
The orc knight dies!
Trog accepts your kill.
Unknown command.
Unknown command.
Your ogre barely misses the ogre.
The ogre barely misses your ogre.
Your ogre barely misses the ogre.
The ogre barely misses your ogre.
Your ogre hits the ogre with a +0 giant club!!!
The ogre dies!
Trog accepts your kill.
Unknown command.
Your ogre barely misses the orc warrior.
The orc hits your ogre with a +0 club.
Your ogre closely misses the orc warrior.
The orc barely misses your ogre.
The orc warrior hits you from afar with a +0 glaive!!
You die...

######### ........#
........# ........#
############### ........#
#.............# ........#
#.....@.......#
........###.............#
....รท...........o........
...............)O........
................o).......
......######+####.#####+#
......# #)# ......# #.'
......# #.##


You could see an orc warrior, an orc and a friendly ogre (berserk).

Vanquished Creatures
  3 vault guards (D:13)
  Erolcha (D:9)
  A hydra (D:14)
  Erica (D:9)
  A tengu warrior (D:9)
  A two-headed ogre (D:15)
  3 unseen horrors
  5 ugly things
  A stone giant zombie (D:15)
  3 manticores
  2 cyclopes (D:14)
  A gargoyle (D:11)
  2 kobold demonologists
  A meliai (D:15)
  3 trolls
  A hornet (D:12)
  2 hippogriffs
  8 slime creatures (D:14)
  3 shadows
  5 hogs
  3 wraiths
  A vampire (D:14)
  2 hungry ghosts
  An acid dragon (D:14)
  A soldier ant (D:11)
  6 orc warriors
  A porcupine (D:11)
  3 ice beasts
  A sky beast (D:15)
  10 ogres
  A phantom (D:8)
  3 necrophages (D:9)
  2 boggarts
  8 centaurs
  A crocodile (D:11)
  2 big kobolds
  12 bullfrogs
  A gnoll sergeant (D:10)
  A wyvern zombie (D:9)
  2 scorpions
  A wyvern skeleton (D:14)
  4 killer bees (D:8)
  5 wights
  5 electric eels
  3 jellies
  6 howler monkeys
  A quasit (D:12)
  5 centaur zombies
  2 bullfrog zombies (D:12)
  5 hounds
  7 orc priests
  17 orc wizards
  3 bullfrog skeletons
  3 iguanas
  10 worker ants
  A merfolk siren (Sewer)
  A merfolk avatar (Sewer)
  A hound skeleton (D:8)
  3 mummies (D:9)
  A worker ant zombie (D:9)
  6 gnolls
  8 adders
  3 river rats (Sewer)
  3 shadow imps
  2 oozes
  2 adder zombies
  4 worms
  2 dart slugs
  8 leopard geckos
  49 orcs
  8 bats
  6 giant cockroaches
  5 goblins
  7 hobgoblins
  10 jackals
  17 kobolds
  A quokka (D:7)
  5 ball pythons
  11 frilled lizards
  A giant cockroach zombie (D:5)
  A jackal zombie (D:9)
  A leopard gecko skeleton (D:4)
  A quokka skeleton (D:6)
  32 rats
387 creatures vanquished.

Vanquished Creatures (collateral kills)
  The ghost of Nout Ute the Markscentaur, a journeyman CeHu of Okawaru (D:12)
  3 death yaks (D:11)
  A tengu warrior (D:8)
  An unseen horror (D:11)
  2 orc knights
  5 ugly things (D:15)
  2 moths of wrath (D:12)
  2 cyclopes
  4 trolls
  A raiju (D:11)
  2 meliai (D:15)
  An ogre (D:15)
  3 wights (D:10)
  An adder (D:11)
  2 jackals (D:8)
31 creatures vanquished.

Vanquished Creatures (others)
  A vault guard (D:13)
  A cyclops (D:12)
  A hog (D:13)
  A wyvern (D:12)
  An eye of draining (D:13)
  A bullfrog (D:12)
  A killer bee (D:8)
7 creatures vanquished.

Grand Total: 425 creatures vanquished

Notes
Turn   | Place    | Note
-------+----------+-------------------------------------------
     0 | D:1      | Johnny the Troll Berserker began the quest for the Orb.
     0 | D:1      | Reached XP level 1. HP: 22/22 MP: 0/0
   200 | D:1      | Reached XP level 2. HP: 24/29 MP: 1/1
   826 | D:2      | Reached XP level 3. HP: 21/36 MP: 2/2
   894 | D:2      | Reached ** piety under Trog
   915 | D:2      | Reached skill level 3 in Long Blades
  1191 | D:2      | Found a white marble altar of Elyvilon.
  1382 | D:3      | Reached XP level 4. HP: 36/45 MP: 3/3
  1465 | D:3      | Found a bloodstained altar of Trog.
  1513 | D:3      | Found a bloodstained altar of Trog.
  1697 | D:3      | Reached *** piety under Trog
  1782 | D:3      | Reached XP level 5. HP: 40/53 MP: 4/4
  1827 | D:4      | Found a glowing drain.
  1829 | D:4      | Noticed an ogre
  1831 | Sewer    | Entered a sewer
  2080 | Sewer    | Reached **** piety under Trog
  2210 | Sewer    | Got a silken robe
  2221 | Sewer    | Identified the cursed +0 robe of the Greedy {Int+3} (You
                  | found it in a sewer)
  2272 | D:4      | Reached XP level 6. HP: 51/62 MP: 5/5
  2287 | D:4      | Reached skill level 4 in Long Blades
  2300 | D:4      | Reached XP level 7. HP: 60/70 MP: 6/6
  2420 | D:4      | Found a shadowy altar of Dithmenos.
  2928 | D:5      | Entered Level 5 of the Dungeon
  2928 | D:5      | Found a shimmering altar of Xom.
  2982 | D:5      | Noticed Ijyb
  3007 | D:5      | Noticed Ijyb
  3007 | D:5      | Ijyb changed into Ijyb the boggart
  3017 | D:5      | Killed Ijyb the boggart
  3025 | D:5      | Reached skill level 5 in Fighting
  3025 | D:5      | Reached skill level 5 in Long Blades
  3025 | D:5      | Reached skill level 5 in Dodging
  3025 | D:5      | Reached XP level 8. HP: 44/80 MP: 7/7
  3081 | D:5      | Found a transporter.
  3121 | D:5      | Found a transporter.
  3198 | D:5      | Found a staircase to the Ecumenical Temple.
  3256 | D:5      | Found an iron altar of Okawaru.
  4175 | D:6      | Reached ***** piety under Trog
  4185 | D:6      | Received a gift from Trog
  4700 | D:7      | Found a bloodstained altar of Trog.
  5019 | D:7      | Reached skill level 6 in Long Blades
  5201 | D:8      | Reached XP level 9. HP: 55/89 MP: 8/8
  5731 | D:8      | Noticed Maurice
  5782 | D:8      | Noticed Maurice
  5782 | D:8      | Maurice changed into Maurice the hog
  5796 | D:8      | Killed Maurice the hog
  6336 | D:9      | Received a gift from Trog
  6491 | D:9      | Reached skill level 7 in Long Blades
  6559 | D:9      | Noticed a tengu warrior
  6574 | D:9      | Killed a tengu warrior
  6606 | D:9      | Noticed Erica
  6621 | D:9      | Noticed Prince Ribbit
  6621 | D:9      | Noticed a tengu warrior
  6663 | D:8      | Killed a tengu warrior
  6663 | D:8      | Reached XP level 10. HP: 37/102 MP: 9/9
  6884 | D:9      | Killed Erica
  6963 | D:9      | Noticed Prince Ribbit
  6963 | D:9      | Prince Ribbit changed into Prince Ribbit the boggart
  6966 | D:9      | Killed Prince Ribbit the boggart
  6994 | D:9      | Found a glowing silver altar of Zin.
  7015 | D:9      | Noticed Erolcha
  7025 | D:9      | Killed Erolcha
  7025 | D:9      | Reached skill level 8 in Long Blades
  7201 | D:9      | Found a white marble altar of Elyvilon.
  7310 | D:9      | Got a translucent lead ring
  7323 | D:9      | Identified the ring of the Prince of Darkness {MR+ AC+4
                  | Int+2} (You found it on level 9 of the Dungeon)
  7375 | D:9      | Identified the Collected Works on Dusty Displacement
  7487 | D:10     | Entered Level 10 of the Dungeon
  8098 | D:10     | Killed an unseen horror
  8098 | D:10     | Reached skill level 9 in Long Blades
  8098 | D:10     | Reached XP level 11. HP: 73/113 MP: 10/10
  8307 | D:10     | Found a staircase to the Orcish Mines.
  8364 | D:11     | Noticed a death yak
  8444 | D:11     | Noticed a death yak
  8450 | D:11     | Noticed a death yak
  8460 | D:11     | Killed a death yak
  8461 | D:11     | Killed an unseen horror
  8465 | D:11     | Killed a death yak
  8467 | D:11     | Killed a death yak
  8713 | D:11     | Found a staircase to the Lair.
  9343 | D:12     | Noticed a cyan ugly thing
  9377 | D:12     | Reached skill level 10 in Long Blades
  9622 | D:12     | Found a transporter.
  9631 | D:12     | Noticed Nout Ute's ghost (journeyman CeHu)
  9638 | D:12     | Found a bloodstained altar of Trog.
  9646 | D:12     | Identified the +6 battleaxe "Elitueze" {chop, rF+}
  9646 | D:12     | Noticed an orc knight
  9647 | D:12     | Found a transporter.
 10194 | D:12     | Killed an orc knight
 10206 | D:12     | Killed Nout Ute's ghost
 10413 | D:13     | Found a gate to the Vaults.
 10413 | D:13     | Noticed a vault guard
 10413 | D:13     | Noticed a vault guard
 10413 | D:13     | Noticed a two-headed ogre
 10413 | D:13     | Noticed a vault guard
 10413 | D:13     | Noticed a red ugly thing
 10417 | D:13     | Banished a two-headed ogre
 10417 | D:13     | Reached XP level 12. HP: 124/124 MP: 11/11
 10420 | D:13     | Noticed a vault guard
 10454 | D:13     | Banished a vault guard
 10456 | D:13     | Killed a vault guard
 10457 | D:13     | Killed a vault guard
 10457 | D:13     | Reached skill level 11 in Long Blades
 10585 | D:13     | Found a sparkling altar of Nemelex Xobeh.
 10595 | D:13     | Noticed Kirke
 10882 | D:13     | Reached skill level 10 in Fighting
 10882 | D:13     | Reached skill level 10 in Dodging
 10972 | D:13     | Killed a vault guard
 11351 | D:14     | Found a shadowy altar of Dithmenos.
 11855 | D:14     | Reached skill level 12 in Long Blades
 11916 | D:14     | Noticed an eight-headed hydra
 11931 | D:14     | Killed a 13-headed hydra
 12131 | D:14     | Reached XP level 13. HP: 107/135 MP: 12/12
 12543 | D:15     | Entered Level 15 of the Dungeon
 12564 | D:15     | Received a gift from Trog
 12804 | D:15     | Slain by an orc warrior

Levels and vault maps discovered:
D:1:      shiori_arrival_maze, layout_basic
D:2:      layout_basic, lemuel_coloured_pillars_altar
D:3:      layout_rooms, overflow_temple_1_default, minivault_27, bloody_trog
D:4:      layout_rooms, overflow_temple_1_default, cheibrodos_sewer_entry_drain
D:5:      gammafunk_wand_slinger, layout_basic, okawaru_gym_becter,
          xom_teletrap_fun, minmay_temple_entry_grid, first_ration, uniq_ijyb
D:6:      layout_basic
D:7:      layout_loops_cross, basic_altar
D:8:      layout_basic, grunt_ogre_cave, chequers_big_river, chequers_jeans,
          uniq_maurice
D:9:      layout_irregular_city, old_standard_altar, basic_altar, serial_undead,
          serial_undead_f, serial_undead_d, serial_undead_c, serial_undead_a,
          serial_undead_f, serial_undead_f, serial_undead_c, serial_undead_d,
          uniq_erica, uniq_erolcha, uniq_prince_ribbit1
D:10:     layout_roguey, erik_orc_2
D:11:     layout_rooms, dpeg_lair_monsters
D:12:     layout_long_grid, gammafunk_ghost_wrathful_warriors
D:13:     layout_roguey, lightli_vaults_fourway_checkpoint, basic_altar,
          uniq_kirke
D:14:     layout_grid_maze, nicolae_dithmenos_the_darkroom,
          kennysheep_generic_room_15
D:15:     gammafunk_depths_entry_grave, layout_irregular_city

Skill      XL: |  1  2  3  4  5  6  7  8  9 10 11 12 |
---------------+-------------------------------------+-----
Long Blades    | 3 4 5 6 7 9 10 12 | 12.5
Dodging        | 3 4 5 6 7 8 9 10 | 10.7
Fighting       | 3 4 5 6 7 8 9 10 | 10.7

Action                   |  1- 3 |  4- 6 |  7- 9 | 10-12 | 13-15 || total
-------------------------+-------+-------+-------+-------+-------++-------
Melee: Falchion          |    91 |       |       |   402 |       ||   493
       Long sword        |    43 |   194 |   364 |       |       ||   601
       Great sword       |       |       |       |   227 |    63 ||   290
Throw: Large rock        |       |       |     1 |     6 |       ||     7
Invok: Berserk           |       |     4 |     8 |    16 |     2 ||    30
       Trog's Hand       |       |     3 |     2 |     1 |       ||     6
       Brothers in Arms  |       |       |     1 |     8 |     2 ||    11
Evoke: Wand              |       |       |    50 |    38 |       ||    88
       Box of beasts     |       |       |       |     6 |       ||     6
  Use: Scroll            |       |     7 |     8 |    13 |       ||    28
       Potion            |       |     3 |     3 |     3 |       ||     9
 Stab: Sleeping          |     2 |     4 |     5 |       |       ||    11
       Distracted        |       |       |       |       |     1 ||     1
  Eat: Chunk             |    19 |    13 |    36 |    70 |    14 ||   152
       Ration            |       |       |     3 |     1 |       ||     4
Armor: Animal skin       |    74 |       |       |       |       ||    74
       Robe              |     8 |   100 |   130 |   187 |       ||   425
       Skin              |       |    18 |       |       |       ||    18
       Troll leather arm |       |       |       |   155 |    36 ||   191
Dodge: Dodged            |   104 |   168 |   275 |   405 |    66 ||  1018
       Rpst.: Falchion   |    14 |       |       |    50 |       ||    64
       Long sword        |     9 |    46 |    70 |       |       ||   125
       Great sword       |       |       |       |    44 |     7 ||    51
